 Dungeon Crawl Stone Soup version 0.20.1-1-g8b1a95d (webtiles) character file.

14302 HammerPanzer the Basher (level 11, -8/93 HPs)
             Began as a Demonspawn Berserker on Oct 29, 2017.
             Was a High Priest of Trog.
             Mangled by an orc warrior
             ... wielding a +0 scimitar
             ... led by an orc knight
              (13 damage)
             ... on level 2 of the Orcish Mines.
             The game lasted 00:39:46 (13949 turns).

HammerPanzer the Basher (Demonspawn Berserker)     Turns: 13949, Time: 00:39:47

Health: -8/93      AC: 15    Str: 25    XL:     11   Next: 86%
Magic:  11/11      EV: 12    Int: 10    God:    Trog [*****.]
Gold:   716        SH:  0    Dex: 19    Spells: 10/10 levels left

rFire    + . .     SeeInvis .   l - +5 great mace (crush)
rCold    x . .     Gourm    +   (shield currently unavailable)
rNeg     . . .     Faith    .   j - +0 plate armour
rPois    +         Spirit   .   h - +0 helmet
rElec    .         Reflect  .   w - scarf {repulsion}
rCorr    .         Harm     .   g - +0 pair of gloves
MR       +....                  (no boots)
Stlth    ..........             b - amulet of the gourmand
Regen    0.3/turn               z - ring "Gest" {Fire rPois MR+ Str+2}
MPRegen  0.2/turn               (no ring)

@: mighty, agile, berserk cooldown, hasted and slowed, drained, repel missiles
A: hooves 1, thin metallic scales 2, powered by pain 2
a: Berserk, Trog's Hand, Brothers in Arms, Burn Spellbooks, Renounce Religion


You were on level 2 of the Orcish Mines.
You worshipped Trog.
Trog was extremely pleased with you.
You were full.

You visited 2 branches of the dungeon, and saw 13 of its levels.

You collected 716 gold pieces.

Inventory:

Hand Weapons
 l - a +5 great mace of crushing (weapon)
 o - a +9 antimagic dire flail
Missiles
 r - 11 tomahawks (quivered)
Armour
 g - a +0 pair of gloves (worn)
 h - a +0 helmet (worn)
 j - a +0 plate armour (worn)
 w - a scarf of repulsion (worn)
Jewellery
 b - an amulet of the gourmand (around neck)
 z - the ring "Gest" (left hand) {Fire rPois MR+ Str+2}
   (You acquired it on level 1 of the Orcish Mines)

   [ring of fire]

   It enhances your fire magic.
   It affects your strength (+2).
   It protects you from fire.
   It makes you vulnerable to cold.
   It protects you from poison.
   It affects your resistance to hostile enchantments.
Wands
 i - a wand of scattershot (2/9)
 v - a wand of confusion (10/48)
 x - a wand of iceblast (4/15)
 y - a wand of flame (5/48)
Scrolls
 q - a scroll of enchant armour
 u - 4 scrolls of remove curse
 B - a scroll of recharging
Potions
 d - a potion of magic
 e - 2 potions of mutation
 f - 4 potions of haste
 n - 6 potions of curing
 p - 2 potions of brilliance
 s - a potion of lignification {unknown}
 A - a potion of ambrosia
Comestibles
 c - 4 bread rations
 k - 2 royal jellies
 m - 28 fruits
 t - 7 meat rations


   Skills:
 + Level 11.5(11.1) Fighting
 * Level 14.2(13.8) Maces & Flails
 - Level 1.7(1.4) Armour
 - Level 1.7(1.4) Dodging


You had 10 spell levels left.
You didn't know any spells.

Dungeon Overview and Level Annotations

Branches:
Dungeon (11/15)            Temple (0/1) D:5            Lair (0/6) D:8
    Orc (2/2) D:10            Elf (0/3) Orc:2

Altars:
Elyvilon
Okawaru
Ru
Trog
Beogh


Innate Abilities, Weirdness & Mutations

You have large cloven feet.
You are mostly covered in thin metallic scales. (AC +3)
You sometimes gain power by taking damage.


Message History

The orc no longer looks unusually strong.
The orc no longer looks unusually strong.
The orc wizard no longer looks unusually strong.
The orc warrior no longer looks unusually strong.
The orc priest begins to cast a cantrip, but forgets the words!
The warg bites you.
* * * LOW HITPOINT WARNING * * *
The orc warrior no longer looks unusually strong.
The orc priest no longer looks unusually strong.
The warg bites you.
* * * LOW HITPOINT WARNING * * *
There is a stone staircase leading up here.
The warg bites you.
* * * LOW HITPOINT WARNING * * *
The orc warrior hits you with a long sword!
* * * LOW HITPOINT WARNING * * *
You focus on the pain.
You feel agile all of a sudden.
The orc warrior hits you with a scimitar!
You die...

......#......# ......
..#.........## ......
...#.........#####.....
#.###.##.....(.#.......
## ## ###...o.#...#
##..o.....# #.....o..#
##.ooho.## #....o@#.#
#........## ##........#
#...........
#...#####.... ...#
...... #.. .>.... ##
......


You could see a warg, 3 orc warriors, an orc priest, an orc wizard and 2 orcs.

Vanquished Creatures
  3 two-headed ogres
  The ghost of Folque the Thaumaturge, a novice OpWz of Vehumet (D:8)
  An orc knight (Orc:2)
  A deep elf mage (D:9)
  Joseph (D:7)
  A kobold demonologist (Orc:1)
  A troll (Orc:1)
  A hornet (D:9)
  2 slime creatures (D:5)
  A wyvern (D:10)
  16 yaks (D:10)
  Menkaure (D:7)
  A water moccasin (D:5)
  2 hell hounds (D:8)
  3 ice beasts
  7 orc warriors
  A phantom (D:9)
  2 sky beasts (D:10)
  6 ogres
  6 centaurs
  22 big kobolds
  4 bullfrogs
  A wyvern zombie (D:10)
  2 scorpions
  5 killer bees (D:8)
  3 wights (D:7)
  7 crimson imps
  A quasit (D:9)
  3 centaur zombies
  3 jellies
  6 hounds
  2 bullfrog skeletons
  13 orc priests
  9 orc wizards
  Jessica (D:2)
  9 iguanas
  6 worker ants
  A howler monkey skeleton (D:9)
  4 gnolls (D:5)
  10 adders
  A shadow imp (D:6)
  10 oozes
  An adder zombie (D:9)
  7 worms
  7 dart slugs
  6 leopard geckos
  41 orcs
  6 giant cockroaches
  9 goblins
  5 hobgoblins
  10 jackals
  20 kobolds
  4 quokkas
  5 ball pythons
  6 bats
  4 frilled lizards
  A jackal skeleton (D:6)
  A leopard gecko skeleton (D:4)
  2 quokka zombies
  7 rats
323 creatures vanquished.

Vanquished Creatures (others)
  A wizard (D:5)
  6 fungi (D:5)
  7 toadstools (D:5)
14 creatures vanquished.

Grand Total: 337 creatures vanquished

Notes
Turn   | Place    | Note
-------+----------+-------------------------------------------
     0 | D:1      | HammerPanzer the Demonspawn Berserker began the quest for the Orb.
     0 | D:1      | Reached XP level 1. HP: 18/18 MP: 1/1
   139 | D:1      | Reached skill level 3 in Maces & Flails
   263 | D:1      | Gained mutation: You sometimes gain a little power by taking damage. [demonic ancestry]
   263 | D:1      | Reached XP level 2. HP: 18/24 MP: 2/2
  1108 | D:2      | Gained mutation: You sometimes gain power by taking damage. [demonic ancestry]
  1108 | D:2      | Reached XP level 3. HP: 28/29 MP: 3/3
  1245 | D:2      | Noticed Jessica
  1250 | D:2      | Killed Jessica
  1253 | D:2      | Reached XP level 4. HP: 37/37 MP: 4/4
  1333 | D:2      | Reached ** piety under Trog
  1402 | D:2      | Reached skill level 4 in Maces & Flails
  2273 | D:3      | Gained mutation: You are partially covered in thin metallic scales. (AC +2) [demonic ancestry]
  2273 | D:3      | Reached XP level 5. HP: 41/42 MP: 5/5
  2539 | D:3      | Reached *** piety under Trog
  3171 | D:4      | Reached skill level 5 in Maces & Flails
  3416 | D:4      | Gained mutation: You are mostly covered in thin metallic scales. (AC +3) [demonic ancestry]
  3416 | D:4      | Reached XP level 6. HP: 49/49 MP: 6/6
  4074 | D:4      | Found a sacrificial altar of Ru.
  4395 | D:5      | Entered Level 5 of the Dungeon
  4418 | D:5      | Reached skill level 5 in Fighting
  4512 | D:5      | Found a staircase to the Ecumenical Temple.
  4597 | D:5      | Reached skill level 6 in Maces & Flails
  4597 | D:5      | Reached XP level 7. HP: 38/56 MP: 7/7
  5079 | D:5      | Found a bloodstained altar of Trog.
  5081 | D:5      | Noticed a wizard
  5086 | D:5      | Killed a wizard
  5415 | D:5      | Reached skill level 7 in Maces & Flails
  5475 | D:5      | Reached XP level 8. HP: 29/64 MP: 8/8
  5789 | D:5      | Noticed a slime creature
  5789 | D:5      | Noticed a slime creature
  5851 | D:5      | Killed a slime creature
  5855 | D:5      | Killed a slime creature
  5855 | D:5      | Reached **** piety under Trog
  5855 | D:5      | Reached skill level 8 in Maces & Flails
  6818 | D:6      | Reached skill level 9 in Maces & Flails
  7343 | D:6      | Found an iron altar of Okawaru.
  7344 | D:6      | Found a white marble altar of Elyvilon.
  7389 | D:6      | Reached XP level 9. HP: 72/72 MP: 9/9
  7851 | D:7      | Noticed Menkaure
  8118 | D:7      | Killed Menkaure
  8306 | D:7      | Noticed Joseph
  8316 | D:7      | Killed Joseph
  8316 | D:7      | Reached skill level 10 in Maces & Flails
  8581 | D:8      | Noticed Folque's ghost (novice OpWz)
  9116 | D:8      | Noticed a two-headed ogre
  9124 | D:8      | Killed a two-headed ogre
  9124 | D:8      | Reached skill level 11 in Maces & Flails
  9341 | D:8      | Reached XP level 10. HP: 72/82 MP: 10/10
  9618 | D:8      | Found a staircase to the Lair.
  9631 | D:8      | Reached ***** piety under Trog
 10427 | D:8      | Killed Folque's ghost
 10740 | D:9      | Noticed a two-headed ogre
 10756 | D:9      | Killed a two-headed ogre
 10756 | D:9      | Reached skill level 12 in Maces & Flails
 10839 | D:9      | Received a gift from Trog
 11012 | D:9      | Reached skill level 10 in Fighting
 11373 | D:9      | Noticed a deep elf mage
 11381 | D:9      | Killed a deep elf mage
 11743 | D:10     | Entered Level 10 of the Dungeon
 11844 | D:10     | Gained mutation: You have large cloven feet. [demonic ancestry]
 11844 | D:10     | Reached XP level 11. HP: 91/91 MP: 3/11
 12251 | D:10     | Reached skill level 13 in Maces & Flails
 12708 | D:10     | Noticed a two-headed ogre
 12714 | D:10     | Killed a two-headed ogre
 13059 | D:10     | Found a staircase to the Orcish Mines.
 13230 | D:10     | Found a roughly hewn altar of Beogh.
 13278 | Orc:1    | Entered Level 1 of the Orcish Mines
 13573 | Orc:1    | Received a gift from Trog
 13712 | Orc:1    | Reached skill level 14 in Maces & Flails
 13839 | Orc:1    | Identified a scroll of acquirement
 13842 | Orc:1    | Got a fine bone ring
 13846 | Orc:1    | Identified the ring "Gest" {Fire rPois MR+ Str+2} (You acquired it on level 1 of the Orcish Mines)
 13857 | Orc:2    | Entered Level 2 of the Orcish Mines
 13857 | Orc:2    | Found a staircase to the Elven Halls.
 13917 | Orc:2    | Noticed an orc knight
 13931 | Orc:2    | Killed an orc knight
 13949 | Orc:2    | Mangled by an orc warrior

Skill      XL: |  1  2  3  4  5  6  7  8  9 10 11 |
---------------+----------------------------------+-----
Maces & Flails | 3 4 5 6 7 9 11 12 14 | 14.2
Fighting       | 4 5 6 7 8 10 11 | 11.5
Armour         | |  1.7
Dodging        | |  1.7

Action                   |  1- 3 |  4- 6 |  7- 9 | 10-12 || total
-------------------------+-------+-------+-------+-------++-------
Melee: Mace              |    97 |   304 |   406 |   134 ||   941
       Dire flail        |       |       |       |   277 ||   277
       Kick              |       |       |       |    67 ||    67
       Great mace        |       |       |       |    13 ||    13
Throw: Tomahawk          |       |       |       |     9 ||     9
Invok: Berserk           |     1 |     6 |    15 |    19 ||    41
       Burn Spellbooks   |       |     1 |     1 |       ||     2
  Use: Scroll            |       |    14 |     6 |     5 ||    25
       Potion            |       |       |     4 |     1 ||     5
 Stab: Paralysed         |       |     1 |       |       ||     1
  Eat: Chunk             |    11 |    17 |    29 |    29 ||    86
Armor: Ring mail         |    12 |       |       |       ||    12
       Scale mail        |    38 |   153 |   106 |       ||   297
       Plate armour      |       |       |   110 |   229 ||   339
       Skin              |       |       |     1 |       ||     1
Dodge: Dodged            |    69 |   176 |   131 |    89 ||   465
       Deflected         |       |       |       |    19 ||    19
